 Dungeon Crawl Stone Soup version 0.23.2-40-g277498a001 (webtiles) character file.

Game seed: 4712178939323478642

6690 DenSaoPin the Carver (level 11, -1/101 HPs)
             Began as a Hill Orc Fighter on Oct 7, 2019.
             Was a Believer of Beogh.
             Slain by a wyvern (16 damage)
             ... on level 9 of the Dungeon.
             The game lasted 00:36:55 (11678 turns).

DenSaoPin the Carver (Hill Orc Fighter)            Turns: 11678, Time: 00:36:55

Health: -1/101     AC:  6    Str: 30    XL:     11   Next: 3%
Magic:  23/23      EV:  9    Int: 10    God:    Beogh [**....]
Gold:   465        SH: 12    Dex: 16    Spells: 10/10 levels left

rFire    . . .     SeeInvis .   E - +7 long sword of Infection {slice, *Corrode MR+ Dex+2}
rCold    . . .     Gourm    +   c - +0 shield
rNeg     + + .     Faith    .   B - +2 ring mail of Zozotil {*Slow MR++ Str+4 Dex+3}
rPois    .         Spirit   .   (no helmet)
rElec    .         Reflect  .   O - +2 cloak "Ysat" {rN+ MP+9 Int+2}
rCorr    .         Harm     .   b - +1 pair of gloves
MR       +++..                  (no boots)
Stlth    +.........             A - amulet "Neokk" {Gourm rN+ Str+4}
HPRegen  0.26/turn              (no ring)
MPRegen  0.18/turn              (no ring)

@: corroded
A: no striking features
a: Smiting, Renounce Religion


You were on level 9 of the Dungeon.
You worshipped Beogh.
Beogh was pleased with you.
You were very full.

You visited 2 branches of the dungeon, and saw 11 of its levels.
You also visited: Sewer.

You collected 504 gold pieces.
You spent 39 gold pieces at shops.

Inventory:

Hand Weapons
 a - a +0 war axe
 w - a +2 war axe of freezing
 E - the +7 long sword of Infection (weapon) {slice, *Corrode MR+ Dex+2}
   (You found it on level 4 of the Dungeon)

   It inflicts extra damage upon your enemies.
   It affects your dexterity (+2).
   It affects your resistance to hostile enchantments.
   It may corrode you when you take damage.
 X - a +0 shortbow
Missiles
 Y - 91 arrows
Armour
 b - a +1 pair of gloves (worn)
 c - a +0 shield (worn)
 B - the +2 ring mail of Zozotil (worn) {*Slow MR++ Str+4 Dex+3}
   (You found it on level 4 of the Dungeon)

   It affects your strength (+4).
   It affects your dexterity (+3).
   It affects your resistance to hostile enchantments.
   It may slow you when you take damage.
 K - a +0 pair of gloves
 O - the +2 cloak "Ysat" (worn) {rN+ MP+9 Int+2}
   (You found it on level 8 of the Dungeon)

   It affects your intelligence (+2).
   It protects you from negative energy.
   It affects your magic capacity (+9).
 W - a +0 plate armour
Magical Staves
 y - an uncursed staff of cold
Jewellery
 i - an uncursed ring of positive energy {unknown}
 p - an uncursed ring of ice {unknown}
 s - an uncursed amulet of guardian spirit {unknown}
 z - a cursed ring of stealth {unknown}
 A - the amulet "Neokk" (around neck) {Gourm rN+ Str+4}
   (You found it on level 4 of the Dungeon)

   [amulet of the gourmand]

   It allows you to eat raw meat even when not hungry.
   It affects your strength (+4).
   It protects you from negative energy.
 L - a +3 ring of dexterity {unknown}
 Z - a cursed ring of teleportation {unknown}
Wands
 u - a wand of digging (4)
 P - a wand of flame (13)
 S - a wand of random effects (22)
 T - a wand of acid (6)
Scrolls
 h - 12 scrolls of identify
 k - 6 scrolls of teleportation {unknown}
 m - 4 scrolls of enchant weapon {unknown}
 n - 4 scrolls of blinking {unknown}
 o - 6 scrolls of remove curse {unknown}
 r - a scroll of fear {unknown}
 x - 2 scrolls of amnesia {unknown}
 D - a scroll of random uselessness {unknown}
 F - a scroll of enchant armour {unknown}
 H - a scroll of magic mapping {unknown}
 N - 3 scrolls of immolation {unknown}
 U - a scroll of fog {unknown}
Potions
 d - 4 potions of might
 e - 6 potions of curing
 g - a potion of resistance {unknown}
 j - 4 potions of degeneration {unknown}
 l - a potion of heal wounds {unknown}
 q - 2 potions of magic {unknown}
 t - 5 potions of flight {unknown}
 v - 2 potions of agility {unknown}
 C - 2 potions of experience {unknown}
 G - 4 potions of haste {unknown}
 M - a potion of ambrosia {unknown}
Comestibles
 f - 18 rations


   Skills:
 - Level 10.3 Fighting
 - Level 11.3 Long Blades
 - Level 7.4 Axes
 + Level 6.5 Armour
 + Level 6.5 Shields
 - Level 4.3 Invocations


You had 10 spell levels left.
You didn't know any spells.
Your spell library contained the following spells:

 Spells                   Type           Power        Failure   Level  Hunger
 Corona                   Hex            #......      83%         1    ##.....
 Shock                    Conj/Air       #...         83%         1    ##.....
 Ensorcelled Hibernation  Hex/Ice        #.....       93%         2    ###....
 Swiftness                Chrm/Air       #.......     93%         2    ###....
 Confuse                  Hex            #.......     99%         3    ####...
 Dazzling Spray           Conj/Hex       #.....       99%         3    ####...
 Static Discharge         Conj/Air       #.......     99%         3    ####...
 Tukima's Dance           Hex            #.......     99%         3    ####...
 Airstrike                Air            #.........   100%        4    #####..
 Lightning Bolt           Conj/Air       #.........   100%        5    ######.


Dungeon Overview and Level Annotations

Branches:
Dungeon (10/15)            Temple (1/1) D:4
   Lair: D:8-11         Orc: D:9-12

Altars:
Ashenzari
Cheibriados
Dithmenos
Elyvilon
Fedhas
Gozag
Hepliaklqana
Kikubaaqudgha
Makhleb
Nemelex Xobeh
Okawaru
Qazlal
Ru
Sif Muna
Trog
Uskayaw
Vehumet
Wu Jian
Xom
Yredelemnul
Zin
The Shining One

Shops:
D:7 *

Annotations:
D:10 Urug


Message History

The wyvern bites you but does no damage.
The wyvern bites you but does no damage.
You see here a javelin of penetration.
The wyvern bites you!
* * * LOW HITPOINT WARNING * * *
Your corrosive artefact corrodes you!
Things that are here:
a +1 robe of cold resistance; the elf skeleton of Fannar You block the wyvern's attack.
You block the wyvern's attack.
There is a stone staircase leading up, spattered with blood here.
You block the wyvern's attack.
You climb upwards.
There is a stone staircase leading down here.
You hit the wyvern but do no damage. The wyvern bites you.
* * * LOW HITPOINT WARNING * * *
You block the wyvern's attack. You block the wyvern's attack.
The wyvern bites you!
You die...

..........# #.)..............
..........# #............####
..........# #............#...
..........# #............#...
..........# #............##'#
..........#######................
.................................
.................................
............>..l@................
########'##################......
..........................#......
......................)...#......
+###'#####..############..#......
......####..#####......#..#######
....#.#.........#.#....#...#
......###########......#####
######.................#


You could see a wyvern.

Vanquished Creatures
  Fannar (D:10)
  A deep elf mage (D:9)
  4 kobold demonologists (D:8)
  A centaur skeleton (D:6)
  Prince Ribbit (D:6)
  A hippogriff (D:7)
  A wyvern (D:9)
  Eustachio (D:4)
  Menkaure (D:6)
  3 sky beasts
  3 ice beasts
  An orc warrior (D:9)
  3 phantoms
  4 centaurs
  4 ogres
  A crocodile (D:9)
  A big kobold (D:6)
  3 bullfrogs
  A gnoll sergeant (D:8)
  5 scorpions
  3 killer bees (D:9)
  5 crimson imps
  A jelly (D:6)
  A bullfrog zombie (D:9)
  6 hounds
  6 orc wizards
  3 worker ants
  A killer bee zombie (D:8)
  2 hound zombies
  2 hound skeletons
  2 worker ant zombies
  7 gnolls
  10 adders
  2 shadow imps
  An adder zombie (D:9)
  An adder skeleton (D:7)
  3 worms
  4 dart slugs
  4 leopard geckos
  29 orcs
  4 ball pythons (Sewer)
  13 giant cockroaches
  11 goblins
  7 hobgoblins
  24 jackals
  18 kobolds
  2 quokkas (D:2)
  10 bats
  11 frilled lizards
  A jackal skeleton (D:5)
  2 leopard gecko skeletons
  13 rats
  2 plants (Sewer)
252 creatures vanquished.

Notes
Turn   | Place    | Note
-------+----------+-------------------------------------------
     0 | D:1      | DenSaoPin the Hill Orc Fighter began the quest for the Orb.
     0 | D:1      | Reached XP level 1. HP: 19/19 MP: 1/1
    92 | D:1      | Reached XP level 2. HP: 8/27 MP: 2/2
   367 | D:1      | Reached XP level 3. HP: 33/33 MP: 3/3
  1144 | D:2      | Reached XP level 4. HP: 40/40 MP: 4/4
  1746 | D:2      | Reached XP level 5. HP: 45/46 MP: 5/5
  2556 | D:3      | Reached skill level 5 in Axes
  2914 | D:3      | Reached XP level 6. HP: 52/52 MP: 6/6
  3431 | D:4      | Got an ancient sapphire amulet
  3454 | D:4      | Found a staircase to the Ecumenical Temple.
  3463 | Temple   | Entered the Ecumenical Temple
  3629 | D:4      | Got a twisted ring mail
  3630 | D:4      | Identified the amulet "Neokk" {Gourm rN+ Str+4} (You found
                  | it on level 4 of the Dungeon)
  3641 | D:4      | Identified the +2 ring mail of Zozotil {*Slow MR++ Str+4
                  | Dex+3} (You found it on level 4 of the Dungeon)
  3906 | D:4      | Got an iridescent long sword
  3907 | D:4      | Identified the +7 long sword of Infection {slice, *Corrode
                  | MR+ Dex+2} (You found it on level 4 of the Dungeon)
  3966 | D:4      | Noticed Eustachio
  4095 | D:4      | Killed Eustachio
  4095 | D:4      | Reached skill level 3 in Long Blades
  4095 | D:4      | Reached XP level 7. HP: 18/59 MP: 7/7
  4755 | D:5      | Entered Level 5 of the Dungeon
  5002 | D:5      | Reached skill level 4 in Long Blades
  5179 | D:5      | Found a glowing drain.
  5202 | Sewer    | Entered a sewer
  6005 | D:6      | Reached skill level 5 in Long Blades
  6179 | D:6      | Noticed Menkaure
  6180 | D:6      | Noticed Prince Ribbit
  6185 | D:6      | Killed Menkaure
  6185 | D:6      | Reached skill level 6 in Long Blades
  6185 | D:6      | Reached XP level 8. HP: 57/66 MP: 8/8
  6231 | D:6      | Reached skill level 7 in Long Blades
  6382 | D:6      | Reached skill level 8 in Long Blades
  6500 | D:6      | Reached skill level 9 in Long Blades
  6577 | D:6      | Killed Prince Ribbit
  6577 | D:6      | Reached XP level 9. HP: 61/71 MP: 9/9
  6584 | D:6      | Reached skill level 10 in Long Blades
  7373 | D:7      | Reached skill level 11 in Long Blades
  7562 | D:7      | Became a worshipper of Beogh the Brigand
  7647 | D:7      | Found Ypih Wou's General Store.
  7650 | D:7      | Bought a potion of curing for 39 gold pieces
  7678 | D:7      | Found a shadowy altar of Dithmenos.
  8079 | D:8      | Got a pitted cloak
  8085 | D:8      | Identified the +2 cloak "Ysat" {rN+ MP+9 Int+2} (You found
                  | it on level 8 of the Dungeon)
  8303 | D:8      | Reached skill level 5 in Fighting
  8496 | D:8      | Reached * piety under Beogh
  8943 | D:9      | Reached XP level 10. HP: 71/88 MP: 10/10
  8959 | D:9      | Noticed a kobold demonologist
  8959 | D:9      | Noticed a kobold demonologist
  8960 | D:9      | Noticed a kobold demonologist
  8960 | D:9      | Noticed a kobold demonologist
  8969 | D:9      | Noticed an orange demon
  8973 | D:9      | Noticed a soul eater
  8979 | D:9      | Noticed a rust devil
  9395 | D:8      | Killed a kobold demonologist
  9408 | D:8      | Killed a kobold demonologist
  9450 | D:8      | Noticed an orange demon
  9464 | D:8      | Killed a kobold demonologist
  9471 | D:8      | Killed a kobold demonologist
  9471 | D:8      | Reached skill level 10 in Fighting
 10047 | D:9      | Reached skill level 1 in Invocations
 10794 | D:9      | Noticed a deep elf mage
 10801 | D:9      | Killed a deep elf mage
 10801 | D:9      | Reached skill level 5 in Armour
 10801 | D:9      | Reached skill level 5 in Shields
 10852 | D:9      | Reached ** piety under Beogh
 10966 | D:10     | Entered Level 10 of the Dungeon
 10977 | D:10     | Noticed Fannar
 10980 | D:10     | Noticed Urug
 10999 | D:10     | Killed Fannar
 10999 | D:10     | Reached XP level 11. HP: 59/101 MP: 14/14
 11678 | D:9      | Slain by a wyvern

Skill      XL: |  1  2  3  4  5  6  7  8  9 10 |
---------------+-------------------------------+-----
Axes           | 3 4 6 7 |  7.4
Fighting       | 4 8 10 | 10.3
Shields        | 4 6 |  6.5
Armour         | 4 6 |  6.5
Long Blades    | 3 6 9 11 | 11.3
Invocations    | 4 |  4.3

Action                   |  1- 3 |  4- 6 |  7- 9 | 10-12 || total
-------------------------+-------+-------+-------+-------++-------
Melee: War axe           |    84 |   308 |   192 |       ||   584
       Long sword        |       |     9 |   175 |   141 ||   325
Invok: Convert to Beogh  |       |       |     1 |       ||     1
  Use: Scroll            |       |       |     1 |     2 ||     3
  Eat: Chunk             |       |     7 |    25 |     8 ||    40
       Ration            |       |     1 |       |       ||     1
Armor: Scale mail        |    27 |   160 |       |       ||   187
       Ring mail         |       |    26 |   104 |    63 ||   193
Dodge: Dodged            |    21 |   121 |    63 |    43 ||   248
Block: Shield            |    46 |   172 |   190 |    91 ||   499
       Rpst.: Long sword |       |     4 |     9 |    14 ||    27
